 Dungeon Crawl Stone Soup version 0.16.2-12-gd0ad4c3 (webtiles) character file.

308 Seneschal the Insei (level 6, -7/56 HPs)
             Began as a Minotaur Monk on Sept 21, 2015.
             Was a Believer of Okawaru.
             Mangled by Edmund
             ... wielding a +2 flail of protection
              (9 damage)
             ... on level 4 of the Dungeon.
             The game lasted 00:11:00 (3095 turns).

Seneschal the Insei (Minotaur Monk)                 Turns: 3095, Time: 00:11:00

Health: -7/56      AC:  2    Str: 15    XL:     6   Next: 17%
Magic:  3/3        EV: 15    Int:  7    God:    Okawaru [**....]
Gold:   79         SH:  0    Dex: 15    Spells: 0 memorised, 5 levels left

rFire  . . .     SeeInvis +       - Unarmed
rCold  . . .     Clarity  .     j - +0 robe
rNeg   . . .     SustAb   .     (no shield)
rPois  .         Gourm    .     (helmet restricted)
rElec  .         Spirit   .     (no cloak)
rCorr  .         Warding  .     (no gloves)
rMut   .         Stasis   .     (no boots)
MR     +....                    (no amulet)
Stlth  +.........               (no ring)
                                s - ring of see invisible

@: very slightly contaminated, glowing, invisible (but backlit and visible),
somewhat resistant to hostile enchantments, very unstealthy
A: retaliatory headbutt, horns 2, magic resistance 1
a: Heroism, Renounce Religion


You were on level 4 of the Dungeon.
You worshipped Okawaru.
Okawaru was pleased with you.
You were full.

You visited 2 branches of the dungeon, and saw 5 of its levels.

You collected 79 gold pieces.

Inventory:

Armour
 a - a +0 robe
 h - a +0 robe
 j - a +0 robe (worn)
 q - a +0 robe
Jewellery
 s - a ring of see invisible (left hand)
Magical devices
 c - a wand of heal wounds (0)
Scrolls
 e - a scroll of random uselessness {unknown}
 f - a scroll of blinking {unknown}
 g - 2 scrolls of identify {unknown}
 k - 2 scrolls of remove curse {unknown}
 l - a scroll of immolation {unknown}
 p - a scroll of magic mapping {unknown}
Potions
 m - a potion of resistance
Comestibles
 b - 2 bread rations
 d - a meat ration


   Skills:
 + Level 5.0 Fighting
 + Level 5.4 Dodging
 - Level 1.5 Stealth
 - Level 6.1 Unarmed Combat


You had 5 spell levels left.
You didn't know any spells.

Dungeon Overview and Level Annotations

Branches:
Dungeon (4/15)             Temple (1/1) D:4

Altars:
Ashenzari
Cheibriados
Dithmenos
Elyvilon
Fedhas
Gozag
Kikubaaqudgha
Makhleb
Okawaru
Qazlal
Ru
Sif Muna
Trog
Vehumet
Xom
Yredelemnul
Zin
The Shining One

Shops:
D:4 *

Annotations:
D:2 Ijyb, Sigmund
D:4 Edmund


Innate Abilities, Weirdness & Mutations

You reflexively headbutt those who attack you in melee.
You have a pair of horns on your head.
You are resistant to hostile enchantments.


Message History

Okawaru accepts your kill. The gnoll closely misses you.
You hit the gnoll. You headbutt the gnoll.
The gnoll is severely wounded.
The gnoll closely misses you.
You hit the gnoll.
You kill the gnoll!
Okawaru accepts your kill.
You closely miss Edmund.
Edmund hits you with a flail of protection.
* * * LOW HITPOINT WARNING * * *
The gnoll closely misses you.
You hit Edmund but do no damage. Your headbutt misses Edmund.
Edmund hits you with a flail of protection!
* * * LOW HITPOINT WARNING * * *
The gnoll hits you from afar with a halberd.
* * * LOW HITPOINT WARNING * * *
You hit Edmund but do no damage.
Edmund hits you with a flail of protection!
You die...

######### #.......#
#..)....# #......g####
#######.....gg@@.#
##.....#.[...####.....#
#.............##
####...
......<...g....# .
............g..#####
.$$
.........g.....#...##
..##
.<.........∩?....)..#
#..###.
....................#
#..#..
...............⌠$...##
#....###


You could see Edmund and 3 gnolls.

Vanquished Creatures
  An ogre (D:4)
  A gnoll shaman (D:4)
  An orc wizard (D:4)
  Jessica (D:3)
  Terence (D:2)
  2 gnolls (D:4)
  5 adders (D:2)
  A giant mite (D:4)
  A giant gecko (D:2)
  2 oozes
  11 orcs
  A bat skeleton (D:4)
  A giant cockroach (D:1)
  7 goblins
  8 hobgoblins
  4 jackals (D:1)
  3 quokkas
  A ball python (D:2)
  3 bats
  5 giant newts
  8 kobolds
  3 rats
  A bush (D:2)
  A plant (D:2)
73 creatures vanquished.

Notes
Turn   | Place    | Note
--------------------------------------------------------------
     0 | D:1      | Seneschal, the Minotaur Monk, began the quest for the Orb.
     0 | D:1      | Reached XP level 1. HP: 19/19 MP: 1/1
    77 | D:1      | Reached XP level 2. HP: 20/27 MP: 1/1
   332 | D:1      | Reached skill level 5 in Unarmed Combat
   737 | D:2      | Reached XP level 3. HP: 28/33 MP: 2/2
   758 | D:2      | Noticed Sigmund
  1172 | D:2      | Reached XP level 4. HP: 36/40 MP: 2/2
  1192 | D:2      | Noticed Terence
  1204 | D:2      | Killed Terence
  1278 | D:2      | Noticed Ijyb
  1428 | D:2      | Found a bloodstained altar of Trog.
  1818 | D:3      | Noticed Jessica
  1824 | D:3      | Killed Jessica
  1824 | D:3      | Reached skill level 6 in Unarmed Combat
  2288 | D:3      | Reached XP level 5. HP: 43/46 MP: 2/2
  2400 | D:4      | Found Oqyckiats' General Store.
  2400 | D:4      | Noticed an ogre
  2407 | D:4      | Killed an ogre
  2417 | D:4      | Found a staircase to the Ecumenical Temple.
  2439 | D:4      | Reached skill level 5 in Dodging
  2447 | D:4      | HP: 2/47 [orc/dagger (2)]
  2453 | Temple   | Entered the Ecumenical Temple
  2455 | Temple   | HP: 1/47 [poisoned by a giant mite]
  2860 | Temple   | Became a worshipper of Warmaster Okawaru
  2860 | Temple   | Acquired Okawaru's first power
  3051 | D:4      | Noticed a phantom
  3052 | D:4      | Noticed Edmund
  3086 | D:4      | Reached skill level 5 in Fighting
  3086 | D:4      | Reached XP level 6. HP: 33/56 MP: 3/3
  3087 | D:4      | Gained mutation: You are resistant to hostile enchantments. [potion of beneficial mutation]
  3094 | D:4      | HP: 2/56 [gnoll/halberd (4)]
  3095 | D:4      | Mangled by Edmund

Action                   |  1- 3 |  4- 6 || total
-------------------------+-------+-------++-------
Melee: Unarmed           |   108 |   141 ||   249
  Use: Potion            |     2 |     4 ||     6
 Stab: Sleeping          |     4 |     1 ||     5
  Eat: Fruit             |     1 |     2 ||     3
       Chunk             |       |     2 ||     2
       Meat ration       |       |     1 ||     1
       Pizza             |       |     1 ||     1
